 Dungeon Crawl Stone Soup version 0.28.0-53-g5a82cb258f (webtiles) character file.

Game seed: 14194190883172308348

62 Sanktem7 the Skirmisher (level 3, -8/35 HPs)
             Began as a Minotaur Fighter on June 28, 2022.
             Mangled by a gnoll
             ... wielding a +0 halberd
              (9 damage)
             ... on level 2 of the Dungeon.
             The game lasted 00:01:14 (832 turns).

Sanktem7 the Skirmisher (Minotaur Fighter)           Turns: 832, Time: 00:01:15

Health: -8/35      AC:  6    Str: 22    XL:     3   Next: 85%
Magic:  2/2        EV:  9    Int:  5    God:
Gold:   50         SH:  4    Dex:  9    Spells: 2/2 levels left

rFire   . . .      SeeInvis .   a - +0 war axe {axe}
rCold   . . .      Faith    .   c - +0 buckler
rNeg    . . .      Spirit   .   b - +0 scale mail
rPois   .          Reflect  .   (helmet restricted)
rElec   .          Harm     .   (no cloak)
rCorr   .          Rampage  .   (no gloves)
Will    .....                   (no boots)
Stlth   ..........              (no amulet)
HPRegen 0.11/turn               (no ring)
MPRegen 0.08/turn               (no ring)

@: no status effects
A: horns 2, retaliatory headbutt
a: no special abilities


You were on level 2 of the Dungeon.
You visited 1 branch of the dungeon, and saw 2 of its levels.

You collected 50 gold pieces.


Innate Abilities, Weirdness & Mutations

You have a pair of horns on your head.
You reflexively headbutt those who attack you in melee.


   Skills:
 * Level 4.8 Fighting
 * Level 4.0 Axes
 - Level 3.6 Armour
 - Level 3.6 Shields


You had 2 spell levels left.
You didn't know any spells.
Your spell library contained the following spells:

 Spells                   Type           Power      Damage    Failure   Level
 Animate Skeleton         Necr           0%         N/A       88%         1
 Pain                     Necr           0%         1d4       88%         1
 Gell's Gravitas          Tloc           0%         N/A       99%         3
 Lesser Beckoning         Tloc           0%         N/A       99%         3
 Portal Projectile        Hex/Tloc       0%         N/A       99%         3
 Teleport Other           Tloc           0%         N/A       99%         3
 Vampiric Draining        Necr           0%         2d6       99%         3
 Blade Hands              Tmut           0%         N/A       100%        5
 Excruciating Wounds      Necr           0%         N/A       100%        5
 Freezing Cloud           Conj/Ice/Air   0%         6-21      100%        5
 Simulacrum               Ice/Necr       0%         N/A       100%        6
 Polar Vortex             Ice            0%         N/A       100%        9

Inventory:

Hand Weapons
 a - a +0 war axe (weapon) {axe}
Missiles
 i - 4 atropa-tipped darts (quivered) {throwing}
 k - 23 arrows
Armour
 b - a +0 scale mail (worn)
 c - a +0 buckler (worn)
Scrolls
 e - a scroll of fog {unknown}
 f - a scroll of blinking {unknown}
 j - a scroll of summoning {unknown}
Potions
 d - a potion of might
 g - a potion of heal wounds {unknown}
 h - a potion of curing {unknown}
 l - a potion of berserk rage {unknown}
 m - a potion of resistance {unknown}

Dungeon Overview and Level Annotations

Branches:
Dungeon (2/15)

Altars:

#### ####
###### #..
....### .....#
#.##.# ...
..##.######.#.#
..#
#......†)....#
..#
##.#.###....##
##..## #..#.#
#.....###)...#
.....#
####...#.@g#
..#####
####.###..#
......# ###
.... #..##.#
#### ##.# #..#
..## ### ######


You could see a gnoll.


Message History

A ball python is nearby!
The ball python bites you but does no damage.
The ball python grabs you. The ball python constricts you.
You closely miss the ball python.
The ball python bites you but does no damage.
The ball python constricts you. The ball python barely misses you.
The ball python constricts you.
You hit the ball python. Your headbutt misses the ball python.
The ball python closely misses you. The ball python constricts you.
You barely miss the ball python. You headbutt the ball python.
You kill the ball python!
No target in view!
No target in view!
No target in view!
No target in view!
No target in view!
A ball python comes into view.
The ball python hisses angrily.
A ball python is nearby!
A ball python is nearby!
A ball python is nearby!
A gnoll comes into view. It is wielding a +0 whip.
You barely miss the ball python.
The ball python bites you but does no damage.
You block the ball python's attack.
You barely miss the ball python.
The ball python bites you but does no damage.
The ball python grabs you. The ball python constricts you.
You block the ball python's attack.
The ball python constricts you. 😕 HP[-1]
You take 1 damage, and now have 33/34 hp.
You slash the ball python!
You kill the ball python!
The gnoll barely misses you. You furiously retaliate!
You headbutt the gnoll!
You see here a ball python corpse.
You barely miss the gnoll. Your headbutt misses the gnoll.
The gnoll hits you but does no damage. x2
You barely miss the gnoll. You block the gnoll's attack. 😎 HP[+1]
Your hp is fully restored (34).
You slash the gnoll!
You kill the gnoll!
No target in view!
No target in view!
No target in view!
No target in view!
No target in view!
Things that are here:
a +0 whip {mace}; a gnoll corpse You now have 50 gold pieces (gained 7). 2 gnolls come into view.
The gnoll shouts! x2
The gnoll hits you but does no damage.
There are monsters nearby!
There are monsters nearby!
There are monsters nearby!
There are monsters nearby!
There are monsters nearby!
There are monsters nearby!
There are monsters nearby!
There are monsters nearby!
A gnoll comes into view. It is wielding a +0 halberd.
The gnoll shouts!
You block the gnoll's attack. The gnoll completely misses you.
You slash the gnoll! You closely miss the gnoll.
The gnoll hits you but does no damage. You block the gnoll's attack.
The gnoll closely misses you. The gnoll hits you with a +0 halberd!
The gnoll hits you with a +0 club. 😮 HP[-13]
You take 13 damage, and now have 21/34 hp.
MASSIVE DAMAGE!! (PAUSE)
You hit the gnoll. Your headbutt misses the gnoll. You slash the gnoll!
You kill the gnoll!
The gnoll hits you from afar with a +0 halberd!
* * * LOW HITPOINT WARNING * * *
The gnoll hits you but does no damage. 😨 HP[-7]
You take 7 damage, and now have 14/34 hp.
MASSIVE DAMAGE!! (PAUSE)
You slash the gnoll!
You kill the gnoll!
You block the gnoll's attack.
The gnoll hits you from afar with a +0 halberd!
* * * LOW HITPOINT WARNING * * *
Your Axes skill increases to level 4! 😱 HP[-8]
You now have 35 max hp (+1).
You take 8 damage, and now have 6/35 hp.
MASSIVE DAMAGE!! (PAUSE)
The gnoll hits you with a +0 halberd.
* * * LOW HITPOINT WARNING * * *
You see here a +0 club {mace}. 😱 HP[-5]
You take 5 damage, and now have 1/35 hp.
You barely miss the gnoll. You headbutt the gnoll.
The gnoll closely misses you.
You barely miss the gnoll. The gnoll hits you with a +0 halberd!
You die...

Skill      XL: |  1  2  3 |
---------------+----------+-----
Fighting       | 4 |  4.8
Axes           | 3 4 |  4.0
Armour         | |  3.6
Shields        | |  3.6

Action                   || total
-------------------------++-------
Melee: War axe           ||    53
       Headbutt          ||    10
Armor: Scale mail        ||    25
Dodge: Dodged            ||    26
Block: Buckler           ||    18

Levels and vault maps discovered:
D:1:      dpeg_arrival_more_subterranean_lakeside_camping, layout_basic,
          basic_ecumenical_altar, minmay_distorted
D:2:      layout_loops_cross, serial_co_window_serial, co_window_paths_b,
          co_window_paths_a, co_window_paths_a, co_window_corner_a,
          co_window_of_opportunity_a, co_window_paths_b, co_window_paths_a,
          co_window_corner_cb, co_window_corner_cb, co_window_broadway_a,
          glass_columns_a, glass_columns_a, glass_columns_a, glass_columns_b,
          glass_columns_c, minmay_strange_pillars, uniq_crazy_yiuf_cottage

Notes
Turn   | Place    | Note
-------+----------+-------------------------------------------
     0 | D:1      | Sanktem7 the Minotaur Fighter began the quest for the Orb.
     0 | D:1      | Reached XP level 1. HP: 19/19 MP: 0/0
     0 | D:1      | magus.rc [v1.9.6]
    42 | D:1      | You pick up a book of Ice and begin reading...
    42 | D:1      | You add the spells Freezing Cloud, Simulacrum and Polar
                  | Vortex to your library.
   135 | D:1      | You pick up a book of Necromancy and begin reading...
   135 | D:1      | You add the spells Pain, Animate Skeleton and Vampiric
                  | Draining to your library.
   144 | D:1      | You pick up a book of Weapons and begin reading...
   144 | D:1      | You add the spells Portal Projectile, Excruciating Wounds
                  | and Blade Hands to your library.
   206 | D:1      | Found a faded altar of an unknown god.
   211 | D:1      | Reached skill level 4 in Fighting
   211 | D:1      | Reached XP level 2. HP: 17/27 MP: 1/1
   328 | D:1      | Reached skill level 3 in Axes
   493 | D:1      | You pick up a book of Displacement and begin reading...
   493 | D:1      | You add the spells Lesser Beckoning, Gell's Gravitas and
                  | Teleport Other to your library.
   663 | D:1      | Reached XP level 3. HP: 32/34 MP: 2/2
   829 | D:2      | HP: 6/34 [gnoll/+0 halberd (8)]
   830 | D:2      | Reached skill level 4 in Axes
   830 | D:2      | HP: 1/35 [gnoll/+0 halberd (6)]
   832 | D:2      | Mangled by a gnoll

Vanquished Creatures
  3 gnolls (D:2)
  2 dart slugs (D:1)
  2 ball pythons (D:2)
  An endoplasm (D:1)
  4 giant cockroaches (D:1)
  2 goblins (D:1)
  2 hobgoblins (D:1)
  4 kobolds
  A quokka (D:1)
  4 bats (D:1)
  A frilled lizard (D:1)
  3 rats (D:1)
29 creatures vanquished.

Table legend:
 A = Non-vault XP
 B = Vault XP
 C = Vault XP percentage of total XP
 D = Non-vault monster count
 E = Vault monster count
 F = Vault count percentage of total count
                 A         B        C        D         E       F
            +---------+---------+-------+---------+---------+-------
      Total |      86 |       3 |   3.4 |      27 |       2 |   6.9
            +---------+---------+-------+---------+---------+-------
        D:1 |      39 |       3 |   7.1 |      21 |       2 |   8.7
        D:2 |      47 |       0 |   0.0 |       6 |       0 |   0.0
            +---------+---------+-------+---------+---------+-------

Illustrated notes

Table legend:
 A = Kills in this place as a percentage of kills in entire the game.
 B = Kills by you in this place as a percentage of kills by you in the entire game.
 C = Kills by friends in this place as a percentage of kills by friends in the entire game.
 D = Other kills in this place as a percentage of other kills in the entire game.
 E = Experience gained in this place as a percentage of experience gained in the entire game.
 F = Experience gained in this place divided by the number of levels of this place that you have seen.
                   A       B       C       D       E      F
               +-------+-------+-------+-------+-------+----------------------
         Total | 100.0 | 100.0 |   N/A |   N/A | 100.0 |  44.5
       Dungeon | 100.0 | 100.0 |   N/A |   N/A | 100.0 |  44.5
               +-------+-------+-------+-------+-------+----------------------

Table legend: (Time is in decaauts)
 A = Elapsed time spent in this place.
 B = Non-inter-level travel time spent in this place.
 C = Inter-level travel time spent in this place.
 D = Time resting spent in this place.
 E = Time spent auto-exploring this place.
 F = Levels seen in this place.
 G = Mean time per level.
                   A        B        C        D        E       F      G
               +--------+--------+--------+--------+--------+-----+--------+
         Total |    852 |    834 |     18 |      0 |    678 |   2 |  426.0 |
       Dungeon |    852 |    834 |     18 |      0 |    678 |   2 |  426.0 |
               +--------+--------+--------+--------+--------+-----+--------+

Top non-repeatable levels by time:
     D:1: 759 daAuts
     D:2: 93 daAuts
